 Dungeon Crawl Stone Soup version 0.20-a0-1124-g2e29d97 (webtiles) character file.

14986 anfisbena the Fighter (level 12, 0/69 HPs)
             Began as a Vine Stalker Fighter on May 15, 2017.
             Was a Follower of Uskayaw.
             Slain by a large abomination (12 damage)
             ... on level 1 of the Abyss.
             The game lasted 00:25:28 (10961 turns).

anfisbena the Fighter (Vine Stalker Fighter)       Turns: 10961, Time: 00:25:29

Health: 0/69       AC: 27    Str: 19    XL:     12   Next: 22%
Magic:  0/17       EV:  3    Int:  8    God:    Uskayaw [*.....]
Gold:   624        SH:  9    Dex: 19    Spells: 11/11 levels left

rFire    . . .     SeeInvis .   a - +3 long sword (freeze)
rCold    . . .     Gourm    .   c - +0 shield
rNeg     . . .     Faith    .   K - +4 plate armour
rPois    .         Spirit   +   (no helmet)
rElec    +         Reflect  .   k - +0 cloak
rCorr    .         Harm     .   t - +0 pair of gloves
MR       +....                  e - +0 pair of boots
Stlth    +.........             (no amulet)
Regen    1.1/turn               M - +5 ring of protection
MPRegen  0.2/turn               s - ring of stealth

@: no status effects
A: fangs 3, rugged brown scales 1, regeneration 2, electricity resistance, magic
shield, antimagic bite, no potion heal 3, rot immunity
a: Stomp, Renounce Religion


You were on level 1 of the Abyss.
You worshipped Uskayaw.
Uskayaw was noncommittal.
You were not hungry.

You visited 2 branches of the dungeon, and saw 12 of its levels.
You visited the Abyss 1 time.
You also visited: Sewer.

You collected 624 gold pieces.

Inventory:

Hand Weapons
 a - a +3 long sword of freezing (weapon)
 b - a +2 short sword of venom
Armour
 c - a +0 shield (worn)
 e - a +0 pair of boots (worn)
 k - a +0 cloak (worn)
 t - a +0 pair of gloves (worn)
 K - a +4 plate armour (worn)
Jewellery
 s - a ring of stealth (right hand)
 y - an uncursed ring of fire
 I - an uncursed ring of protection from cold
 M - a +5 ring of protection (left hand)
Scrolls
 i - 10 scrolls of teleportation
 j - 2 scrolls of magic mapping
 m - 5 scrolls of remove curse
 o - 2 scrolls of enchant armour
 p - 3 scrolls of amnesia
 q - 4 scrolls of enchant weapon
 r - 3 scrolls of fog
 F - 2 scrolls of summoning
 G - 3 scrolls of fear
 H - a scroll of recharging
 Q - a scroll of blinking
Potions
 l - 3 potions of flight
 n - a potion of mutation {unknown}
 w - 11 potions of curing
 x - 2 potions of brilliance
 z - a potion of agility {unknown}
 C - 2 potions of cancellation {unknown}
 D - 3 potions of lignification
Books
 E - a book of Callings

   Spells                             Type                      Level
   a - Summon Small Mammal            Summoning                    1
   b - Call Imp                       Summoning                    2
   c - Call Canine Familiar           Summoning                    3
   d - Summon Guardian Golem          Hexes/Summoning              3
   e - Summon Lightning Spire         Summoning/Air                4
   f - Summon Ice Beast               Ice/Summoning                4
Comestibles
 f - 9 bread rations
 v - 2 fruits
 A - 6 meat rations
 B - 4 royal jellies


   Skills:
 - Level 10.0 Fighting
 - Level 10.0 Long Blades
 - Level 8.0 Armour
 - Level 8.0 Stealth
 - Level 2.6 Shields
 + Level 6.6 Invocations


You had 11 spell levels left.
You didn't know any spells.

Dungeon Overview and Level Annotations

Branches:
Dungeon (11/15)            Temple (0/1) D:7            Lair (1/6) D:11
    Orc (0/2) D:11

Altars:
Cheibriados
Dithmenos
Fedhas
Hepliaklqana
Makhleb
Nemelex Xobeh
Okawaru
Qazlal
Ru
Sif Muna
Trog
Uskayaw
Vehumet
Xom
Yredelemnul
Zin
The Shining One
Lugonu

Shops:
D:5 *   D:6 =

Annotations:
Lair:1 Sonja


Innate Abilities, Weirdness & Mutations

You have razor-sharp teeth.
You heal very quickly.
When hurt, damage is shared between your health and your magic reserves.
Your bite disrupts and absorbs the magic of your enemies.
Potions cannot restore your health.
You are immune to rotting.
You are partially covered in rugged brown scales. (AC +1, +3% HP)
You are resistant to electric shocks. (rElec)


Message History

You barely miss the large abomination.
You bite the large abomination, but do no damage.
The large abomination is heavily damaged.
The large abomination hits you.
You hit the large abomination but do no damage.
Your bite misses the large abomination.
The large abomination is heavily damaged.
You block the large abomination's attack.
You hit the large abomination. You freeze the large abomination.
You bite the large abomination, but do no damage.
The large abomination is severely damaged.
The large abomination hits you!!
* * * LOW HITPOINT WARNING * * *
You hit the large abomination but do no damage.
The large abomination is severely damaged.
The large abomination hits you!!
* * * LOW HITPOINT WARNING * * *
You can no longer pass through a line of other dancers.
The large abomination hits you!
You die...

.#... .... ...
. # . .. .## #
###. # . #. .
###..# .## #..
. #....##..#
..#. ###X#..##
#. ##.@.#...#
#.....##.#.#.#
###..### ###.#
.# #..#...##.#
.. . . #.##
.#....#...# #.
. #.# ...#
#.#. ..#
#....#... .#..
## #..#..#..
.##.. .#..#.
..# # #.


You could see a large abomination.

Vanquished Creatures
  An unseen horror (D:8)
  2 manticores (D:11)
  A large abomination (Abyss:1)
  Joseph (D:7)
  A black mamba (Lair:1)
  A red devil (D:9)
  A troll (D:8)
  A hornet (D:9)
  Prince Ribbit (D:8)
  8 blink frogs (Lair:1)
  A hippogriff (D:8)
  A spriggan (D:7)
  2 wyverns
  13 yaks
  Sigmund (D:4)
  A chaos spawn (Abyss:1)
  A small abomination (Abyss:1)
  A hungry ghost (D:11)
  A warg (D:11)
  A water moccasin (Lair:1)
  2 porcupines (Lair:1)
  3 ice beasts
  2 sky beasts
  3 phantoms
  2 black bears
  4 orc warriors
  6 ogres
  A necrophage (D:5)
  2 centaurs
  2 crocodiles
  4 big kobolds
  The ghost of anfisbena the Slasher, an amateur VSFi (D:3)
  8 bullfrogs
  A water moccasin skeleton (D:5)
  4 scorpions
  20 killer bees
  6 wights
  7 howler monkeys
  4 crimson imps
  2 bullfrog zombies
  2 quasits
  A gnoll shaman (D:7)
  4 centaur skeletons
  2 hounds
  Crazy Yiuf (D:6)
  10 orc priests
  An iron imp (D:5)
  9 orc wizards
  A bullfrog skeleton (D:11)
  2 iguanas
  6 worker ants
  3 hound skeletons
  A howler monkey zombie (D:8)
  7 gnolls
  10 adders
  A river rat (D:3)
  4 shadow imps
  A white imp (Abyss:1)
  3 oozes
  6 worms
  3 dart slugs
  8 leopard geckos
  56 orcs
  4 giant cockroaches
  8 hobgoblins
  13 jackals
  4 quokkas
  5 ball pythons
  13 bats
  6 frilled lizards
  3 goblins
  39 kobolds
  A leopard gecko skeleton (D:5)
  27 rats
  A spectral orc (D:3)
  A fungus (D:6)
392 creatures vanquished.

Notes
Turn   | Place    | Note
-------+----------+-------------------------------------------
     0 | D:1      | anfisbena the Vine Stalker Fighter began the quest for the Orb.
     0 | D:1      | Reached XP level 1. HP: 11/11 MP: 2/2
   234 | D:1      | Reached XP level 2. HP: 16/16 MP: 3/3
   590 | D:1      | Reached XP level 3. HP: 20/20 MP: 4/4
  1258 | D:2      | Found a sacrificial altar of Ru.
  1444 | D:2      | Gained mutation: Your natural rate of healing is unusually fast. [Vine Stalker growth]
  1444 | D:2      | Reached XP level 4. HP: 24/24 MP: 5/5
  1970 | D:3      | Noticed anfisbena's ghost (amateur VSFi)
  1976 | D:3      | Killed anfisbena's ghost
  1976 | D:3      | Reached XP level 5. HP: 21/29 MP: 6/6
  2213 | D:3      | Found a glowing drain.
  2240 | Sewer    | Entered a sewer
  2389 | Sewer    | Noticed a big kobold
  2409 | Sewer    | Killed a big kobold
  2409 | Sewer    | Reached XP level 6. HP: 28/34 MP: 7/7
  2495 | Sewer    | HP: 1/34 [poisoned by a kobold]
  3171 | D:3      | Found a basalt altar of Yredelemnul.
  3274 | D:4      | Found a blossoming altar of Fedhas.
  3385 | D:4      | Reached skill level 5 in Fighting
  3436 | D:4      | Found a glowing silver altar of Zin.
  3590 | D:4      | Noticed Sigmund
  3622 | D:4      | Killed Sigmund
  3622 | D:4      | Reached skill level 5 in Long Blades
  3622 | D:4      | Reached XP level 7. HP: 38/39 MP: 6/8
  3718 | D:5      | Entered Level 5 of the Dungeon
  3851 | D:5      | Noticed an enchanted hand axe
  3852 | D:5      | Noticed a hand axe
  3887 | D:5      | Found a snail-covered altar of Cheibriados.
  4037 | D:5      | Found a hide-covered altar of Uskayaw.
  4051 | D:5      | Became a worshipper of Uskayaw the Reveler
  4130 | D:5      | Reached * piety under Uskayaw
  4144 | D:5      | Found a bloodstained altar of Trog.
  4165 | D:5      | Reached ** piety under Uskayaw
  4169 | D:5      | Reached *** piety under Uskayaw
  4202 | D:5      | Gained mutation: You have razor-sharp teeth. [Vine Stalker growth]
  4202 | D:5      | Reached XP level 8. HP: 44/44 MP: 9/9
  4432 | D:5      | Found a burning altar of Makhleb.
  4432 | D:5      | Noticed a balrug
  4463 | D:5      | Found Otseurul's Assorted Antiques.
  4833 | D:6      | Found Ulonis's Jewellery Emporium.
  5198 | D:6      | Found a runed door.
  5202 | D:6      | Noticed Crazy Yiuf
  5206 | D:6      | Killed Crazy Yiuf
  5300 | D:7      | Noticed Joseph
  5313 | D:7      | Reached **** piety under Uskayaw
  5316 | D:7      | Killed Joseph
  5316 | D:7      | Reached XP level 9. HP: 16/51 MP: 5/10
  5415 | D:7      | Found a staircase to the Ecumenical Temple.
  5595 | D:7      | Found a hazy altar of Hepliaklqana.
  5644 | D:7      | Found a basalt altar of Yredelemnul.
  5924 | D:8      | Found a glowing golden altar of the Shining One.
  6065 | D:8      | Noticed Prince Ribbit
  6083 | D:8      | Killed Prince Ribbit
  6198 | D:8      | Reached ***** piety under Uskayaw
  6277 | D:8      | Found a shadowy altar of Dithmenos.
  6318 | D:8      | Found a sparkling altar of Nemelex Xobeh.
  6460 | D:8      | Reached XP level 10. HP: 57/58 MP: 11/11
  6515 | D:8      | Killed an unseen horror
  6767 | D:8      | Found a bloodstained altar of Trog.
  6767 | D:8      | Found a shimmering altar of Xom.
  6769 | D:8      | Found a stormy altar of Qazlal.
  6769 | D:8      | Found a stormy altar of Qazlal.
  6769 | D:8      | Found a radiant altar of Vehumet.
  6785 | D:8      | Reached skill level 10 in Fighting
  6841 | D:8      | Reached skill level 1 in Stealth
  7438 | D:9      | Reached skill level 1 in Invocations
  7451 | D:9      | Reached skill level 10 in Long Blades
  7526 | D:9      | Found a shadowy altar of Dithmenos.
  7961 | D:9      | Found a radiant altar of Vehumet.
  8022 | D:9      | Found a corrupted altar of Lugonu.
  8024 | D:9      | Noticed a rust devil
  8164 | D:9      | Found an iron altar of Okawaru.
  8164 | D:9      | Found a deep blue altar of Sif Muna.
  8208 | D:9      | Noticed an orange demon
  8209 | D:9      | Noticed an orange demon
  8302 | D:9      | Reached XP level 11. HP: 63/63 MP: 14/14
  8465 | D:10     | Entered Level 10 of the Dungeon
  8563 | D:10     | Reached skill level 5 in Armour
  9141 | D:10     | Reached skill level 5 in Stealth
  9347 | D:11     | Reached ****** piety under Uskayaw
  9355 | D:11     | Found a staircase to the Orcish Mines.
  9682 | D:11     | Gained mutation: You are partially covered in rugged brown scales. (AC +1, +3% HP) [mutagenic meat]
  9683 | D:11     | Gained mutation: You are resistant to electric shocks. (rElec) [mutagenic meat]
  9697 | D:11     | Noticed a manticore
  9707 | D:11     | Killed a manticore
  9782 | D:11     | Found a staircase to the Lair.
 10097 | D:11     | Noticed a manticore
 10105 | D:11     | Killed a manticore
 10105 | D:11     | Reached skill level 5 in Invocations
 10428 | Lair:1   | Entered Level 1 of the Lair of Beasts
 10455 | Lair:1   | Gained mutation: You heal very quickly. [Vine Stalker growth]
 10455 | Lair:1   | Reached XP level 12. HP: 63/69 MP: 17/17
 10556 | Lair:1   | Found a snail-covered altar of Cheibriados.
 10772 | Lair:1   | Noticed Sonja
 10774 | Lair:1   | Cast into level 1 of the Abyss (Sonja)
 10835 | Abyss:1  | Noticed a rakshasa
 10961 | Abyss:1  | Slain by a large abomination

Vault maps used:
D:1:      dpeg_arrival_snail
D:2:      nicolae_ru_sacrificial_ziggurat, first_bread, grunt_ministairs_15
D:3:      yredelemnul_forgotten_temple_becter, gup_sewer_entry_bowl,
          minmay_rat_hole
D:4:      overflow_temple_1_default, fedhas_altar_2, uniq_sigmund
D:5:      slow_altar_1, lemuel_crystal_altar, dancing_weapons_uskayaw,
          serial_shops, shop, makhleb_altar_promises_db
D:6:      serial_shops, nicolae_shop_behind_doors, uniq_crazy_yiuf_cottage
D:7:      overflow_temple_1_default, minmay_temple_entry_statues, basic_altar,
          the_bakery, uniq_joseph
D:8:      doesnt_xom_only_xom, lemuel_crystal_altar, special_room,
          nemelex_lonely_heart_becter, uniq_prince_ribbit1
D:9:      gammafunk_temple_overflow_elements, grunt_temple_overflow_open,
          lemuel_hellish_altar
D:11:     lair_entry_dummy, orc_0_dummy, serial_bayou_crossing
Lair:1:   lemuel_centaur_altar, uniq_sonja
Sewer:    kennysheep_pipe_town

Skill      XL: |  1  2  3  4  5  6  7  8  9 10 11 12 |
---------------+-------------------------------------+-----
Long Blades    | 2 3 4 5 7 9 10 | 10.0
Fighting       | 3 4 5 6 7 9 10 | 10.0
Stealth        | 4 7 8 |  8.0
Armour         | 4 7 8 |  8.0
Invocations    | 2 5 6 |  6.6
Shields        | |  2.6

Action                   |  1- 3 |  4- 6 |  7- 9 | 10-12 || total
-------------------------+-------+-------+-------+-------++-------
Melee: Long sword        |    85 |   245 |   236 |   524 ||  1090
       Bite              |    17 |    82 |    84 |   179 ||   362
  Use: Potion            |       |     4 |     1 |     2 ||     7
       Scroll            |       |     3 |     5 |     8 ||    16
 Stab: Paralysed         |       |       |     9 |    29 ||    38
  Eat: Chunk             |     2 |     7 |    10 |    18 ||    37
Armor: Scale mail        |     6 |       |       |       ||     6
       Chain mail        |    43 |   175 |    19 |       ||   237
       Plate armour      |       |       |    56 |   384 ||   440
Dodge: Dodged            |     9 |    63 |    20 |    65 ||   157
Block: Shield            |    43 |   138 |    94 |   242 ||   517
       Rpst.: Long sword |     1 |    23 |     5 |    12 ||    41
